 Dungeon Sprint DCSS version 0.29-a0-857-g9b1aa3ac5b (webtiles) character file.

Game seed: 34058249503584231

704 mhtbhm the Blocker (level 7, 0/47 HPs)
             Began as a Gargoyle Fighter on July 16, 2022.
             Was a High Priest of Qazlal.
             Slain by an elephant (14 damage)
             ... in the Dungeon (Sprint VII: "The Pits").
             The game lasted 00:02:07 (594 turns).

mhtbhm the Blocker (Gargoyle Fighter)                Turns: 594, Time: 00:02:08

Health: 0/47       AC: 17    Str: 21    XL:     7   Next: 67%
Magic:  12/12      EV: 11    Int:  9    God:    Qazlal [*****.]
Gold:   0          SH: 12    Dex:  9    Spells: 6/6 levels left

rFire   . . .      SeeInvis .   a - +0 hand axe (freeze)
rCold   . . .      Faith    .   c - +0 buckler
rNeg    + . .      Spirit   .   b - +3 ring mail
rPois   ∞          Reflect  .   (no helmet)
rElec   +          Harm     .   (no cloak)
rCorr   .          Rampage  .   (no gloves)
Will    .....      NoTele   +   (no boots)
Stlth   ..........              (no amulet)
HPRegen 0.15/turn               (no ring)
MPRegen 0.13/turn               (no ring)

@: protected from physical damage, repel missiles
A: sickness immunity, AC +4, negative energy resistance 1, electricity
resistance, torment resistance 1, petrification resistance
a: Renounce Religion, Upheaval, Elemental Force, Disaster Area


You were in the Dungeon.
You worshipped Qazlal.
Qazlal was extremely pleased with you.
You visited 1 branch

Inventory:

Hand Weapons
 a - a +0 hand axe of freezing (weapon)
Armour
 b - a +3 ring mail (worn)
 c - a +0 buckler (worn)
Scrolls
 l - 5 scrolls of amnesia
Potions
 d - a potion of might
 e - 3 potions of curing
 f - 2 potions of heal wounds
 g - a potion of haste
 h - 4 potions of magic
 i - a potion of berserk rage
 j - a potion of attraction {unknown}
 k - 2 potions of invisibility


   Skills:
 + Level 6.7 Fighting
 + Level 7.2 Axes
 + Level 8.2 Armour
 + Level 4.5 Dodging
 + Level 9.0 Shields
 * Level 6.8 Invocations


You had 6 spell levels left.
You didn't know any spells.
Your spell library was empty.

Dungeon Overview and Level Annotations

Branches:
Dungeon (1/1)

Altars:
Ashenzari
Cheibriados
Dithmenos
Elyvilon
Fedhas
Gozag
Hepliaklqana
Kikubaaqudgha
Makhleb
Nemelex Xobeh
Okawaru
Qazlal
Ru
Sif Muna
Trog
Uskayaw
Vehumet
Wu Jian
Xom
Yredelemnul
Zin
The Shining One
Jiyva
Lugonu


Innate Abilities, Weirdness & Mutations

You are immune to sickness and miasma.
Your stone body is resilient. (AC +4)
You are immune to poison.
You resist negative energy. (rN+)
You are resistant to electric shocks. (rElec)
You are resistant to unholy torment.
You are immune to petrification.


Message History

The elephant is heavily wounded.
The elephant barely misses you. You block the elephant's attack.
You hit the elephant. You freeze the elephant.
The elephant is severely wounded.
You block the elephant's attack. The elephant trunk-slaps you.
You feel more protected from physical attacks.
You hit the elephant but do no damage.
The elephant is severely wounded.
You block the elephant's attack. The elephant barely misses you.
You hit the elephant. You freeze the elephant.
The elephant is severely wounded.
You block the elephant's attack.
The elephant trunk-slaps you but does no damage.
You hit the elephant but do no damage.
The elephant is severely wounded.
The elephant tramples you.
You hold your ground!
The elephant trunk-slaps you but does no damage.
You barely miss the elephant.
The elephant is severely wounded.
You block the elephant's attack.
The elephant trunk-slaps you but does no damage.
You barely miss the elephant.
The elephant is severely wounded.
You block the elephant's attack. x2
You hit the elephant but do no damage.
The elephant is severely wounded.
The elephant tramples you.
You hold your ground!
The elephant barely misses you.
You hit the elephant but do no damage.
The elephant is severely wounded.
You block the elephant's attack. The elephant trunk-slaps you.
You hit the elephant but do no damage.
The elephant is severely wounded.
The elephant tramples you but does no damage.
The elephant trunk-slaps you.
* * * LOW HITPOINT WARNING * * *
You hit the elephant. You freeze the elephant.
The elephant is severely wounded.
The elephant tramples you!
You die...

#.#........##.......#
#'###########.......#
#†).....# #########
#.......# #...#...#
#..###.†#+#
#...#...#.+
#......☼#Y#
#.......'@#
###########


You could see an elephant.

Vanquished Creatures
  Pikel (D)
  Edmund (D)
  A gnoll bouda (D)
  An iron imp (D)
  4 gnolls (D)
  2 ufetubi (D)
  An orc (D)
  2 bats (D)
  A bat zombie (D)
  2 giant cockroaches (D)
  2 goblins (D)
  4 jackals (D)
  A kobold (D)
  A frilled lizard (D)
24 creatures vanquished.

Notes
Turn   | Place    | Note
-------+----------+-------------------------------------------
     0 | D        | mhtbhm the Gargoyle Fighter began the quest for the Orb.
     0 | D        | Reached XP level 1. HP: 14/14 MP: 1/1
    19 | D        | Found a bloodstained altar of Trog.
    19 | D        | Found a shimmering blue altar of Sif Muna.
    19 | D        | Found a viscous altar of Jiyva.
    19 | D        | Found a hazy altar of Hepliaklqana.
    19 | D        | Found an opulent altar of Gozag.
    20 | D        | Found a glowing golden altar of the Shining One.
    20 | D        | Found a glowing silver altar of Zin.
    20 | D        | Found a basalt altar of Yredelemnul.
    20 | D        | Found a shimmering altar of Xom.
    20 | D        | Found an ornate altar of the Wu Jian Council.
    20 | D        | Found a sacrificial altar of Ru.
    20 | D        | Found a stormy altar of Qazlal.
    20 | D        | Found an iron altar of Okawaru.
    20 | D        | Found a sparkling altar of Nemelex Xobeh.
    20 | D        | Found a burning altar of Makhleb.
    20 | D        | Found a blossoming altar of Fedhas.
    20 | D        | Found a white marble altar of Elyvilon.
    20 | D        | Found a shadowy altar of Dithmenos.
    20 | D        | Found a snail-covered altar of Cheibriados.
    23 | D        | Found a corrupted altar of Lugonu.
    23 | D        | Found a radiant altar of Vehumet.
    24 | D        | Found an ancient bone altar of Kikubaaqudgha.
    24 | D        | Found a hide-covered altar of Uskayaw.
    24 | D        | Found a broken altar of Ashenzari.
    27 | D        | Became a worshipper of Qazlal Stormbringer
    75 | D        | Reached skill level 4 in Shields
    78 | D        | Reached * piety under Qazlal
    79 | D        | Reached XP level 2. HP: 16/20 MP: 2/2
   170 | D        | Reached ** piety under Qazlal
   286 | D        | Reached *** piety under Qazlal
   287 | D        | Reached skill level 5 in Shields
   287 | D        | Reached XP level 3. HP: 20/24 MP: 3/3
   290 | D        | Reached skill level 5 in Armour
   367 | D        | Noticed Edmund
   367 | D        | Noticed a lemure
   367 | D        | Noticed a lemure
   368 | D        | Noticed Pikel
   370 | D        | Noticed a lemure
   372 | D        | Reached skill level 5 in Fighting
   373 | D        | Reached **** piety under Qazlal
   373 | D        | Noticed a lemure
   376 | D        | Reached skill level 1 in Dodging
   376 | D        | Reached XP level 4. HP: 31/31 MP: 4/4
   388 | D        | Reached skill level 1 in Invocations
   420 | D        | Killed Pikel
   421 | D        | Reached skill level 8 in Shields
   421 | D        | Reached XP level 5. HP: 37/37 MP: 5/9
   421 | D        | Reached XP level 6. HP: 42/42 MP: 5/10
   421 | D        | Reached XP level 7. HP: 47/47 MP: 5/11
   424 | D        | Killed Edmund
   425 | D        | Reached skill level 9 in Shields
   425 | D        | Reached ***** piety under Qazlal
   554 | D        | Noticed an elephant
   594 | D        | Slain by an elephant

Illustrated notes

Levels and vault maps discovered:
D:        pitsprint [storerooms_1, entrance_room_1, metal_vault_3, armoury_1,
          mini_pit_1, grid_room_1, main_hall_1, silver_pit, the_coven_3,
          the_vestibule_1, steel_vault_3, golden_pit, hallway_of_sentries,
          crystal_vault_1, iron_vault_3, final_vault]

Skill      XL: |  1  2  3  4  5  6  7 |
---------------+----------------------+-----
Axes           | 2 3 6 7 |  7.2
Shields        | 4 5 8 9 |  9.0
Armour         | 4 5 7 8 |  8.2
Fighting       | 4 5 6 |  6.7
Dodging        | 1 4 |  4.5
Invocations    | 6 |  6.8

Action                   |  1- 3 |  4- 6 |  7- 9 || total
-------------------------+-------+-------+-------++-------
Melee: Hand axe          |    40 |    35 |    52 ||   127
       War axe           |     2 |       |       ||     2
  Use: Potion            |     1 |     7 |     1 ||     9
       Scroll            |       |     2 |       ||     2
Armor: Scale mail        |    26 |       |       ||    26
       Ring mail         |     4 |     8 |    20 ||    32
Dodge: Dodged            |    26 |     7 |    17 ||    50
Block: Buckler           |    20 |    22 |    42 ||    84

Table legend: (Time is in decaauts)
 A = Elapsed time spent in this place.
 B = Non-inter-level travel time spent in this place.
 C = Inter-level travel time spent in this place.
 D = Time resting spent in this place.
 E = Time spent auto-exploring this place.
 F = Levels seen in this place.
 G = Mean time per level.
                   A        B        C        D        E       F      G
               +--------+--------+--------+--------+--------+-----+--------+
         Total |    622 |    622 |      0 |    223 |     62 |   1 |  622.0 |
       Dungeon |    622 |    622 |      0 |    223 |     62 |   1 |  622.0 |
               +--------+--------+--------+--------+--------+-----+--------+

Top non-repeatable levels by time:
       D: 622 daAuts
